 Dungeon Crawl Stone Soup version 0.24.0 (webtiles) character file.

Game seed: 10575121360791335158, levelgen mode: deterministic

179658 Kranky the Spear-Bearer (level 18, -4/164 HPs)
             Began as a Gnoll Chaos Knight on Feb 27, 2020.
             Was a Plaything of Xom.
             Slain by a ghost moth (10 damage)
             ... on level 1 of the Spider Nest.
             The game lasted 04:39:11 (39740 turns).

Kranky the Spear-Bearer (Gnoll Chaos Knight)       Turns: 39740, Time: 04:39:13

Health: -4/164     AC: 19    Str: 18 (20) XL:     18   Next: 24%
Magic:  0/33       EV: 14    Int: 15 (17) God:    Xom [.....*]
Gold:   1180       SH:  0    Dex: 11 (12) Spells: 8/40 levels left

rFire    + . .     SeeInvis .   L - +8 bardiche of Dissolution {protect, -Tele rElec MR+ Int+3}
rCold    + + .     Gourm    .   (shield currently unavailable)
rNeg     . . .     Faith    .   y - +2 scale mail "Uluyf" {rF+ MR+++ Regen+ Int-5}
rPois    +         Spirit   .   (helmet restricted)
rElec    +         Reflect  .   g - scarf {repulsion}
rCorr    .         Harm     .   x - +1 pair of gloves "Tufocyx" {rC++ Str+3 Dex-4}
MR       +++++     Clarity  +   A - +0 pair of boots {Fly} Stlth +++.......NoTele +
                                i - amulet of the acrobat
HPRegen  0.77/turn              P - ring of poison resistance
MPRegen  0.23/turn              (no ring)

@: lethally poisoned (-4 -> -21), flying, slowed, heavily drained, repel
missiles, very slow
A: distributed training, fangs 2, hooves 2, horns 2, rugged brown scales 2,
yellow scales 1, blurry vision 1, clarity, dopey 1, robust 1, screaming 1,
shaggy fur 1, strong 1, wild magic 1, strong nose
a: Renounce Religion, Stop Flying


You were on level 1 of the Spider Nest.
You worshipped Xom.
You were Xom's teddy bear.
You were not hungry.

You visited 5 branches of the dungeon, and saw 29 of its levels.
You also visited: Ice Cave.

You collected 3752 gold pieces.
You spent 2572 gold pieces at shops.

Inventory:

Hand Weapons
 H - the +5 dagger of the Last Spirits {holy, Dex+3}
   (You found it on level 6 of the Dungeon)

   It has been blessed by the Shining One to cause great damage to the undead
   and demons.
   It affects your dexterity (+3).
 L - the +8 bardiche of Dissolution (weapon) {protect, -Tele rElec MR+ Int+3}
   (You found it on level 8 of the Dungeon)

   It grants its wielder temporary protection when it strikes (+7 to AC).
   It affects your intelligence (+3).
   It insulates you from electricity.
   It affects your resistance to hostile enchantments.
   It prevents most forms of teleportation.
 Q - the +7 scimitar of Intimidation {speed, MR+ Dex+2}
   (You took it off a deep elf annihilator on level 3 of the Elven Halls)

   Attacks with this weapon are significantly faster.
   It affects your dexterity (+2).
   It affects your resistance to hostile enchantments.
Missiles
 B - 4 throwing nets (quivered)
Armour
 f - +2 storm dragon scales
 g - a scarf of repulsion (worn)
 x - the +1 pair of gloves "Tufocyx" (worn) {rC++ Str+3 Dex-4}
   (Xom gifted it to you on level 6 of the Lair of Beasts)

   It affects your strength (+3).
   It affects your dexterity (-4).
   It greatly protects you from cold.
 y - the +2 scale mail "Uluyf" (worn) {rF+ MR+++ Regen+ Int-5}
   (You found it on level 4 of the Dungeon)

   It affects your intelligence (-5).
   It protects you from fire.
   It affects your resistance to hostile enchantments.
   It increases your rate of regeneration.
 A - a +0 pair of boots of flying (worn)
Jewellery
 e - an uncursed ring of protection from magic
 h - an uncursed ring of see invisible
 i - an amulet of the acrobat (around neck)
 k - an uncursed ring of positive energy
 C - a +5 ring of intelligence
 J - an uncursed ring of resist corrosion
 K - a cursed amulet of inaccuracy {unknown}
 P - a ring of poison resistance (left hand)
Wands
 l - a wand of digging (9)
 o - a wand of flame (20)
 M - a wand of clouds (3)
 O - a wand of acid (18)
 Y - a wand of paralysis (21)
Scrolls
 a - a scroll of immolation
 b - 6 scrolls of amnesia
 d - 2 scrolls of silence
 m - 5 scrolls of fear
 q - 10 scrolls of remove curse
 r - 7 scrolls of enchant armour
 u - 4 scrolls of enchant weapon
 v - 14 scrolls of teleportation
 w - 7 scrolls of identify
 E - 2 scrolls of magic mapping
 U - 4 scrolls of fog
 X - 5 scrolls of blinking
Potions
 j - 3 potions of might
 n - 2 potions of cancellation
 p - 2 potions of haste
 t - 6 potions of brilliance
 z - a potion of berserk rage
 D - 3 potions of agility
 G - 4 potions of flight
 I - 2 potions of resistance
 N - 6 potions of lignification
Miscellaneous
 R - a lamp of fire
 S - a lightning rod (4/4)
 T - 3 sacks of spiders
 W - a phantom mirror
Comestibles
 c - 26 rations


   Skills:
 + Level 13.2(10.9) Fighting
 + Level 11.8(9.6) Short Blades
 + Level 11.8(9.6) Long Blades
 + Level 11.8(9.6) Axes
 + Level 11.8(9.6) Maces & Flails
 + Level 13.2(10.9) Polearms
 + Level 11.8(9.6) Staves
 + Level 11.8(9.6) Slings
 + Level 11.8(9.6) Bows
 + Level 11.8(9.6) Crossbows
 + Level 11.8(9.6) Throwing
 + Level 12.6(10.2) Armour
 + Level 12.1(9.8) Dodging
 + Level 11.8(9.6) Stealth
 + Level 11.8(9.6) Shields
 + Level 11.8(9.6) Unarmed Combat
 + Level 11.8(9.6) Spellcasting
 + Level 10.1(7.9) Conjurations
 + Level 10.1(7.9) Hexes
 + Level 10.1(7.9) Charms
 + Level 10.1(7.9) Summonings
 + Level 10.1(7.9) Necromancy
 + Level 10.1(7.9) Translocations
 + Level 10.1(7.9) Transmutations
 + Level 10.1(7.9) Fire Magic
 + Level 10.1(7.9) Ice Magic
 + Level 10.1(7.9) Air Magic
 + Level 10.1(7.9) Earth Magic
 + Level 10.1(7.9) Poison Magic
 + Level 12.8(10.4) Invocations
 + Level 11.8(9.6) Evocations


You had 8 spell levels left.
You knew the following spells:

 Your Spells              Type           Power        Failure   Level  Hunger
a - Apportation           Tloc           #####.       2%          1    None
b - Summon Mana Viper     Hex/Summ       #####...     34%         5    #####..
c - Animate Dead          Necr           N/A          14%         4    ###....
d - Regeneration          Chrm/Necr      #####.....   5%          3    #......
e - Summon Lightning Spi  Summ/Air       #####...     14%         4    ###....
f - Airstrike             Air            #####.....   14%         4    ###....
g - Borgnjor's Vile Clut  Necr/Erth      #####.....   34%         5    #####..
h - Invisibility          Hex            #####...     88%         6    ######.

Your spell library contained the following spells:

 Spells                   Type           Power        Failure   Level  Hunger
 Animate Skeleton         Necr           N/A          2%          1    None
 Beastly Appendage        Tmut           #####.       2%          1    None
 Confusing Touch          Hex            #####.       2%          1    None
 Corona                   Hex            #####..      2%          1    None
 Flame Tongue             Conj/Fire      #####        2%          1    None
 Freeze                   Ice            ####         2%          1    None
 Magic Dart               Conj           ####         2%          1    None
 Pain                     Necr           ####         2%          1    None
 Sting                    Conj/Pois      ####         2%          1    None
 Summon Butterflies       Summ           #####...     2%          1    None
 Corpse Rot               Necr           N/A          3%          2    None
 Ensorcelled Hibernation  Hex/Ice        #####.       3%          2    None
 Searing Ray              Conj           #####.       3%          2    None
 Slow                     Hex            #####...     3%          2    None
 Sticks to Snakes         Tmut           #####...     3%          2    None
 Sublimation of Blood     Necr           #####.....   3%          2    None
 Swiftness                Chrm/Air       #####...     3%          2    None
 Throw Frost              Conj/Ice       #####.       3%          2    None
 Call Canine Familiar     Summ           #####...     5%          3    #......
 Confuse                  Hex            #####...     5%          3    #......
 Dazzling Spray           Conj/Hex       #####.       5%          3    #......
 Gell's Gravitas          Tloc           #####.....   5%          3    #......
 Ignite Poison            Fire/Tmut/Pois #####...     5%          3    #......
 Inner Flame              Hex/Fire       #####...     5%          3    #......
 Lesser Beckoning         Tloc           #####.....   5%          3    #......
 Ozocubu's Armour         Chrm/Ice       #####...     5%          3    #......
 Portal Projectile        Hex/Tloc       #####.       5%          3    #......
 Spider Form              Tmut/Pois      #####.....   5%          3    #......
 Tukima's Dance           Hex            #####...     5%          3    #......
 Vampiric Draining        Necr           #####.....   5%          3    #......
 Cause Fear               Hex            #####.....   14%         4    ###....
 Force Lance              Conj/Tloc      #####...     14%         4    ###....
 Fulminant Prism          Conj/Hex       #####.....   14%         4    ###....
 Ice Form                 Ice/Tmut       #####...     14%         4    ###....
 Iskenderun's Mystic Bla  Conj           #####...     14%         4    ###....
 Leda's Liquefaction      Hex/Erth       #####.....   14%         4    ###....
 Petrify                  Tmut/Erth      #####...     14%         4    ###....
 Summon Ice Beast         Ice/Summ       #####...     14%         4    ###....
 Throw Icicle             Conj/Ice       #####...     14%         4    ###....
 Agony                    Necr           #####...     34%         5    #####..
 Alistair's Intoxication  Tmut/Pois      #####...     34%         5    #####..
 Blade Hands              Tmut           #####.....   34%         5    #####..
 Bolt of Draining         Conj/Necr      #####.....   34%         5    #####..
 Bolt of Magma            Conj/Fire/Erth #####.....   34%         5    #####..
 Dispel Undead            Necr           #####...     34%         5    #####..
 Excruciating Wounds      Chrm/Necr      #####.....   34%         5    #####..
 Irradiate                Conj/Tmut      #####.....   34%         5    #####..
 Iskenderun's Battlesphe  Conj/Chrm      #####...     34%         5    #####..
 Metabolic Englaciation   Hex/Ice        #####.....   34%         5    #####..
 Silence                  Hex/Air        #####.....   34%         5    #####..
 Venom Bolt               Conj/Pois      #####.....   34%         5    #####..
 Yara's Violent Unravell  Hex/Tmut       #####.....   34%         5    #####..
 Bolt of Fire             Conj/Fire      #####.....   88%         6    ######.
 Darkness                 Hex            #####.....   88%         6    ######.
 Deflect Missiles         Chrm/Air       #####.....   88%         6    ######.
 Hydra Form               Tmut           #####.....   88%         6    ######.
 Iron Shot                Conj/Erth      #####.....   88%         6    ######.
 Shadow Creatures         Summ           N/A          88%         6    ######.
 Statue Form              Tmut/Erth      #####....    88%         6    ######.
 Dragon Form              Tmut           #####.....   100%        7    #######
 Orb of Destruction       Conj           #####.....   100%        7    #######
 Spellforged Servitor     Conj/Summ      #####.....   100%        7    #######
 Summon Hydra             Summ           #####.....   100%        7    #######
 Dragon's Call            Summ           #####.....   100%        9    #######


Dungeon Overview and Level Annotations

Branches:
Dungeon (15/15)            Temple (0/1) D:4            Lair (6/6) D:8
 Shoals (0/4) Lair:4       Spider (3/4) Lair:3        Slime (0/5) Lair:6
    Orc (2/2) D:9             Elf (3/3) Orc:2        Vaults (0/5) D:14
 Depths (0/5) D:15          IceCv (visited)

Altars:
Dithmenos
Kikubaaqudgha
Vehumet
Xom
Jiyva

Shops:
D:9 (   D:10 :   D:14 :   Orc:2 ***%*   Elf:2 [}*

Annotations:
D:10 2 transporters, thehayman22's ghost, journeyman MiBe
Lair:1 2 transporters
Lair:3 Buxparty's ghost, adept GrFi
Lair:6 1 runed translucent door
Elf:2 2 runed translucent doors
Elf:3 1 exclusion


Innate Abilities, Weirdness & Mutations

Your experience applies equally to all skills.
You have extremely sharp teeth.
Your uncanny sense of smell can sniff out nearby items.
You have hoof-like feet.
You have a pair of horns on your head.
You are mostly covered in rugged brown scales. (AC +2, +5% HP)
You are partially covered in yellow scales. (AC +2)
Scrolls take you a little longer to read.
You possess an exceptional clarity of mind.
You are dopey. (Int -2)
You are robust. (+10% HP)
You occasionally shout uncontrollably at your foes.
You are covered in fur. (AC +1)
Your muscles are strong. (Str +2)
Your spells are a little harder to cast, but a little more powerful.


Message History

Something hits you but does no damage. Something hits you!
* * * LOW HITPOINT WARNING * * *
You feel dopey. Something closely misses you.
Your red devil barely misses something.
You feel you are being watched by something.
Something hits you but does no damage. x2; Something stings you.
* * * LOW HITPOINT WARNING * * *
Your ufetubus hits the torpor snail. x2; The torpor snail bites your iron imp.
Your chaos spawn pulls away from the web.
Okay, then.
You're wearing all the rings you can.
Remove which one? (? for menu, Esc to cancel) < or
P - a ring of poison resistance; > or
C - a +5 ring of intelligence You remove your +5 ring of intelligence.
You feel stupid.
* * * LOW HITPOINT WARNING * * *
You feel sick.
You feel you are being watched by something.
Something hits you!
You die...

#.≈#....^##.##...#
##..≈......###.....
#####...#..............
#..#.≈#.[....#.........
#...≈#......#.........
.......##≈.##.........
###...##^###......≈###
###4#555......##≈...
##..@{445............
#..5.545w.........#.(
#≈#...#55>............
##≈...#...#≈##...#...#
######.##≈....#......
... #........#...#^.
∆....#........#......
#........#^........
#..........#.).......


You could see a torpor snail, a friendly orange demon, a friendly ice devil, a
friendly chaos spawn, a friendly red devil, 3 friendly iron imps, 2 friendly
white imps and 4 friendly ufetubi.

Vanquished Creatures
  3 deep elf blademasters (Elf:3)
  An azure jelly (Elf:1)
  A fire giant (D:13)
  3 deep elf sorcerers (Elf:3)
  A ghost moth (D:13)
  An orc warlord (D:9)
  2 deep elf elementalists (Elf:3)
  A very ugly thing (IceCv)
  3 deep elf annihilators
  6 deep elf death magi
  Josephine (D:10)
  Harold (D:6)
  An ogre mage (D:15)
  3 hydras
  The ghost of Buxparty the Slinger, a journeyman GnHu of Gozag (Lair:2)
  3 centaur warriors
  A catoblepas (D:13)
  19 dancing weapons
  5 two-headed ogres
  Urug (D:14)
  3 orc high priests (Orc:2)
  11 deep elf knights
  4 unseen horrors
  9 deep elf archers
  A lindwurm (Lair:5)
  7 orc knights
  A wolf spider zombie (D:7)
  7 orc sorcerers
  18 ugly things
  17 wolf spiders
  4 orb spiders (Spider:1)
  2 cyclopes
  39 deep elf magi
  2 manticores
  9 elephants (Lair:4)
  4 ice statues (IceCv)
  7 black mambas
  3 torpor snails (Lair:6)
  4 yaktaurs (D:15)
  4 spiny frogs
  3 centaur skeletons
  6 komodo dragons
  A komodo dragon (shapeshifter) (Elf:3)
  A kobold demonologist (D:8)
  10 trolls
  4 demonic crawlers
  6 polar bears
  15 jumping spiders
  12 hornets
  A meliai zombie (D:9)
  14 blink frogs
  11 hippogriffs
  2 snapping turtles (Lair:3)
  A centaur simulacrum (D:14)
  20 redbacks
  4 air elementals
  2 water elementals
  10 tarantellas
  4 wyverns
  15 spriggans
  5 wraiths
  21 yaks
  Grum (D:8)
  3 shadows
  3 fire elementals
  3 hungry ghosts
  9 vampire mosquitoes
  2 steam dragons
  15 humans (D:14)
  A harpy simulacrum (IceCv)
  A spatial vortex (Lair:5)
  2 wargs (Orc:1)
  2 soldier ants
  5 water moccasins
  28 orc warriors
  4 porcupines
  3 sky beasts
  4 black bears
  An ettin simulacrum (IceCv)
  An eye of draining (D:13)
  9 ice beasts
  4 boggarts (Lair:6)
  2 necrophages
  2 phantoms
  A tengu (shapeshifter) (D:13)
  23 wolves
  15 centaurs
  11 ogres
  8 crocodiles
  An elf zombie (D:7)
  12 bullfrogs
  Blork the orc (D:3)
  5 earth elementals
  A wyvern zombie (D:8)
  2 gnoll sergeants
  A wyvern skeleton (D:10)
  6 scorpions
  A killer bee (D:8)
  8 wights
  5 howler monkeys
  3 electric eels
  8 centaur zombies
  7 crimson imps
  2 bullfrog zombies
  A quasit (D:11)
  8 jellies
  18 orc priests
  7 bullfrog skeletons
  9 hounds
  23 orc wizards
  A gnoll shaman (D:7)
  2 human skeletons (D:7)
  16 worker ants
  3 iguanas
  A hound skeleton (D:4)
  A worker ant zombie (D:9)
  17 gnolls
  6 adders
  9 shadow imps
  7 oozes
  An adder skeleton (D:4)
  4 worms
  10 leopard geckos
  105 orcs
  6 giant cockroaches
  12 hobgoblins
  9 jackals
  7 quokkas
  A ball python skeleton (D:4)
  6 bats
  6 frilled lizards
  3 goblins (D:3)
  A kobold (D:2)
  A leopard gecko skeleton (D:4)
  An orc skeleton (D:7)
  2 orc zombies (D:7)
  A quokka zombie (D:7)
  6 rats
  A bush (D:6)
  A crawling corpse (Elf:2)
  2 fire vortices (Elf:3)
  A fungus (Lair:5)
  A plant (Lair:6)
925 creatures vanquished.

Vanquished Creatures (collateral kills)
  A deep elf master archer (Elf:3)
  A deep elf blademaster (Elf:3)
  3 deep elf sorcerers (Elf:3)
  A deep elf elementalist (Elf:3)
  A very ugly thing (IceCv)
  An entropy weaver (Spider:2)
  4 deep elf annihilators (Elf:3)
  A deep elf demonologist (Elf:3)
  A deep elf high priest (Elf:3)
  A two-headed ogre (D:15)
  A dancing weapon (Elf:2)
  4 deep elf knights
  4 deep elf archers
  6 orb spiders
  5 ugly things (D:14)
  15 deep elf magi
  4 wolf spiders
  An ice statue (IceCv)
  A centaur skeleton (D:7)
  2 demonic crawlers
  A hellwing (D:7)
  An anaconda simulacrum (IceCv)
  5 jumping spiders
  A golden dragon simulacrum (IceCv)
  3 blink frogs (Lair:4)
  A hippogriff (D:15)
  A spriggan (Lair:2)
  12 redbacks
  8 tarantellas
  A dire elephant simulacrum (IceCv)
  A steam dragon (D:15)
  A harpy simulacrum (IceCv)
  4 ice beasts (IceCv)
  2 hydra simulacra (IceCv)
  An ettin simulacrum (IceCv)
  A black bear (Lair:2)
  An ogre (D:15)
  A crocodile (Lair:6)
  A hound (D:7)
  An orc wizard (D:15)
  2 gnoll shamans (D:7)
  2 gnolls (D:7)
  An adder skeleton (D:7)
  3 orcs
  A crawling corpse (Elf:2)
115 creatures vanquished.

Vanquished Creatures (others)
  A deep elf blademaster (Elf:3)
  A deep elf death mage (Elf:3)
  A deep elf knight (Elf:2)
  5 deep elf magi
  A human (D:14)
  A wight (D:10)
  2 orcs (Orc:1)
  2 fungi (Lair:3)
  7 plants
21 creatures vanquished.

Grand Total: 1061 creatures vanquished

Notes
Turn   | Place    | Note
-------+----------+-------------------------------------------
     0 | D:1      | Kranky the Gnoll Chaos Knight began the quest for the Orb.
     0 | D:1      | Reached XP level 1. HP: 23/23 MP: 1/1
   259 | D:1      | Reached XP level 2. HP: 29/29 MP: 2/2
   440 | D:1      | XOM: silly message
   771 | D:2      | XOM: noise
   906 | D:2      | Reached XP level 3. HP: 34/35 MP: 3/3
   955 | D:2      | XOM: god gift: 17 arrows
  1192 | D:3      | Reached skill level 1 in Invocations
  1290 | D:3      | Reached skill level 1 in Short Blades
  1290 | D:3      | Reached skill level 1 in Long Blades
  1290 | D:3      | Reached skill level 1 in Axes
  1290 | D:3      | Reached skill level 1 in Maces & Flails
  1290 | D:3      | Reached skill level 1 in Staves
  1290 | D:3      | Reached skill level 1 in Slings
  1290 | D:3      | Reached skill level 1 in Bows
  1290 | D:3      | Reached skill level 1 in Crossbows
  1290 | D:3      | Reached skill level 1 in Throwing
  1290 | D:3      | Reached skill level 1 in Stealth
  1290 | D:3      | Reached skill level 1 in Shields
  1290 | D:3      | Reached skill level 1 in Unarmed Combat
  1290 | D:3      | Reached skill level 1 in Spellcasting
  1290 | D:3      | Reached skill level 1 in Evocations
  1317 | D:2      | Reached XP level 4. HP: 23/41 MP: 5/5
  1461 | D:3      | Reached skill level 1 in Conjurations
  1461 | D:3      | Reached skill level 1 in Hexes
  1461 | D:3      | Reached skill level 1 in Charms
  1461 | D:3      | Reached skill level 1 in Summonings
  1461 | D:3      | Reached skill level 1 in Necromancy
  1461 | D:3      | Reached skill level 1 in Translocations
  1461 | D:3      | Reached skill level 1 in Transmutations
  1461 | D:3      | Reached skill level 1 in Fire Magic
  1461 | D:3      | Reached skill level 1 in Ice Magic
  1461 | D:3      | Reached skill level 1 in Air Magic
  1461 | D:3      | Reached skill level 1 in Earth Magic
  1461 | D:3      | Reached skill level 1 in Poison Magic
  1461 | D:3      | Reached XP level 5. HP: 31/47 MP: 6/6
  1893 | D:3      | XOM: harmless Necr miscast
  1994 | D:4      | Noticed Blork the orc
  2005 | D:3      | Killed Blork the orc
  2005 | D:3      | Reached XP level 6. HP: 53/53 MP: 8/8
  2055 | D:4      | Got a slimy scale mail
  2078 | D:4      | Reached skill level 5 in Armour
  2100 | D:4      | Identified the +2 scale mail "Uluyf" {rF+ MR+++ Regen+
                  | Int-5} (You found it on level 4 of the Dungeon)
  2133 | D:4      | XOM: mild Necr miscast
  2491 | D:4      | Found a shadowy altar of Dithmenos.
  2499 | D:4      | Found a staircase to the Ecumenical Temple.
  2814 | D:5      | Entered Level 5 of the Dungeon
  2817 | D:5      | Noticed an ice beast
  2817 | D:5      | an ogre changed into an ice beast
  2817 | D:5      | XOM: polymorph ogre -> ice beast
  2823 | D:4      | Killed an ice beast
  2823 | D:4      | Reached XP level 7. HP: 44/58 MP: 7/10
  2834 | D:5      | XOM: mild Chrm miscast
  2928 | D:5      | XOM: 1-stop teleportation journey
  2929 | D:5      | XOM: enchant monster (bad)
  3039 | D:5      | Noticed a two-headed ogre
  3050 | D:5      | XOM: potion effect (invisibility)
  3063 | D:5      | XOM: fake destruction
  3066 | D:5      | XOM: scenery: create altars
  3075 | D:5      | XOM: butterfly on damage
  3077 | D:5      | Killed a two-headed ogre
  3077 | D:5      | Reached XP level 8. HP: 22/66 MP: 4/13
  3248 | D:5      | XOM: mild Chrm miscast
  3438 | D:5      | You fall into a shaft and drop 1 floor!
  3507 | D:5      | XOM: enchant monster (bad)
  3631 | D:6      | XOM: scenery: 1 doors close
  3660 | D:6      | Reached XP level 9. HP: 71/71 MP: 12/14
  3760 | D:6      | XOM: noise
  3780 | D:6      | XOM: swap monsters
  3942 | D:6      | Got an ancient dagger
  4227 | D:6      | XOM: give mutations
  4227 | D:6      | Gained mutation: You are partially covered in rugged brown
                  | scales. (AC +1, +3% HP) [Xom's mischief]
  4227 | D:6      | Gained mutation: Armour fits poorly on your strangely
                  | shaped body. [Xom's mischief]
  4227 | D:6      | Gained mutation: Scrolls take you a little longer to read.
                  | [Xom's mischief]
  4287 | D:7      | Noticed Harold
  4308 | D:6      | XOM: summons friendly iron imp
  4312 | D:6      | Killed Harold
  4312 | D:6      | Reached skill level 5 in Dodging
  4391 | D:7      | XOM: divination: magic mapping
  4423 | D:7      | Reached skill level 5 in Invocations
  4492 | D:7      | Noticed a hellwing
  4497 | D:7      | XOM: divination: magic mapping
  4518 | D:7      | XOM: divination: detect items
  4521 | D:7      | Reached XP level 10. HP: 70/81 MP: 11/17
  4545 | D:7      | XOM: enchant monster (good)
  4555 | D:7      | XOM: cast spell 'Ring of Flames'
  4557 | D:7      | Reached skill level 5 in Short Blades
  4557 | D:7      | Reached skill level 5 in Long Blades
  4557 | D:7      | Reached skill level 5 in Axes
  4557 | D:7      | Reached skill level 5 in Maces & Flails
  4557 | D:7      | Reached skill level 5 in Staves
  4557 | D:7      | Reached skill level 5 in Slings
  4557 | D:7      | Reached skill level 5 in Bows
  4557 | D:7      | Reached skill level 5 in Crossbows
  4557 | D:7      | Reached skill level 5 in Throwing
  4557 | D:7      | Reached skill level 5 in Stealth
  4557 | D:7      | Reached skill level 5 in Shields
  4557 | D:7      | Reached skill level 5 in Unarmed Combat
  4557 | D:7      | Reached skill level 5 in Spellcasting
  4557 | D:7      | Reached skill level 5 in Evocations
  4614 | D:7      | XOM: confuse monster(s)
  4689 | D:7      | XOM: summons 9 friendly demons
  4716 | D:7      | XOM: mild Chrm miscast
  4856 | D:6      | XOM: confusion
  4901 | D:6      | XOM: enchant monster (bad)
  4942 | D:7      | XOM: harmless Air miscast
  5179 | D:7      | XOM: harmless Necr miscast
  5185 | D:7      | XOM: cast spell 'Olgreb's Toxic Radiance'
  5194 | D:7      | XOM: chaos cloud
  5195 | D:7      | XOM: blink monster(s)
  5232 | D:6      | XOM: swap monsters
  5233 | D:6      | XOM: 6-stop teleportation journey
  5547 | D:7      | Identified the +5 dagger of the Last Spirits {holy, Dex+3}
                  | (You found it on level 6 of the Dungeon)
  5601 | D:7      | XOM: give mutation
  5601 | D:7      | Gained mutation: You have large cloven feet. [Xom's grace]
  5679 | D:7      | XOM: give mutation
  5679 | D:7      | Gained mutation: You are somewhat resistant to further
                  | mutation. [Xom's grace]
  5862 | D:8      | Noticed a deep elf mage
  5868 | D:8      | Killed a deep elf mage
  6017 | D:8      | Reached XP level 11. HP: 88/88 MP: 19/19
  6028 | D:8      | Found a staircase to the Lair.
  6041 | D:8      | Noticed Grum
  6110 | D:8      | Killed Grum
  6192 | D:8      | XOM: enchant monster (bad)
  6253 | D:8      | XOM: stat loss: -1 Int (16/17)
  6358 | D:8      | Noticed a centaur warrior
  6704 | D:8      | Reached skill level 5 in Conjurations
  6704 | D:8      | Reached skill level 5 in Hexes
  6704 | D:8      | Reached skill level 5 in Charms
  6704 | D:8      | Reached skill level 5 in Summonings
  6704 | D:8      | Reached skill level 5 in Necromancy
  6704 | D:8      | Reached skill level 5 in Translocations
  6704 | D:8      | Reached skill level 5 in Transmutations
  6704 | D:8      | Reached skill level 5 in Fire Magic
  6704 | D:8      | Reached skill level 5 in Ice Magic
  6704 | D:8      | Reached skill level 5 in Air Magic
  6704 | D:8      | Reached skill level 5 in Earth Magic
  6704 | D:8      | Reached skill level 5 in Poison Magic
  6722 | D:8      | XOM: mild Ice miscast
  6996 | D:8      | Got a jewelled bardiche
  7257 | D:9      | XOM: stealth player
  7304 | D:9      | Identified the +8 bardiche of Dissolution {protect, -Tele
                  | rElec MR+ Int+3} (You found it on level 8 of the Dungeon)
  7353 | D:9      | Found Fumoupum's Weapon Shoppe.
  7491 | D:9      | XOM: summons 10 friendly demons
  7682 | D:9      | Found a staircase to the Orcish Mines.
  8077 | Orc:1    | Entered Level 1 of the Orcish Mines
  8080 | Orc:1    | XOM: confuse monster(s)
  8167 | Orc:1    | Noticed an orc warlord
  8231 | Orc:1    | XOM: confuse monster(s)
  8245 | Orc:1    | XOM: enchant monster (bad)
  8256 | D:9      | XOM: cast spell 'Shadow Creatures'
  8278 | D:9      | Killed an orc warlord
  8443 | Orc:1    | XOM: cloud trail
  8473 | Orc:2    | Entered Level 2 of the Orcish Mines
  8475 | Orc:2    | Noticed an orc knight
  8480 | Orc:2    | Noticed an orc knight
  8505 | Orc:1    | XOM: cast spell 'Statue Form'
  8513 | Orc:1    | XOM: enchant monster (good)
  8521 | Orc:1    | XOM: potion effect (haste)
  8523 | Orc:1    | XOM: confuse monster(s)
  8528 | Orc:1    | Killed an orc knight
  8601 | Orc:1    | XOM: confusion (+ monsters)
  8606 | Orc:1    | XOM: cleaving
  8711 | Orc:1    | Killed an orc knight
  8711 | Orc:1    | Reached XP level 12. HP: 51/92 MP: 13/22
  9007 | Orc:1    | XOM: enchant monster (good)
  9032 | Orc:1    | XOM: chaos upgrade
  9124 | Orc:2    | XOM: summons 2 friendly demons
  9163 | Orc:2    | XOM: summons 6 hostile demons
  9237 | Orc:2    | HP: 4/92 [orc knight/+2 great sword of draining (4)]
  9241 | Orc:2    | XOM: summons 12 friendly demons
  9384 | D:9      | XOM: mild Air miscast
  9415 | Lair:1   | Entered Level 1 of the Lair of Beasts
  9567 | Lair:1   | Found a transporter.
  9597 | Lair:1   | XOM: noise
  9604 | Lair:1   | XOM: swap monsters
  9615 | Lair:1   | XOM: enchant monster (bad)
 10006 | Lair:1   | XOM: medium Tmut miscast
 10014 | Lair:1   | XOM: confusion (+ monsters)
 10017 | Lair:1   | XOM: swap monsters
 10065 | Lair:1   | XOM: harmless Tloc miscast
 10205 | Lair:1   | Found a transporter.
 10538 | Lair:2   | XOM: repel stairs
 10636 | Lair:2   | XOM: confuse monster(s)
 10840 | Lair:2   | XOM: god gift: 52 gold pieces
 10844 | Lair:2   | XOM: enchant monster (bad)
 11006 | Lair:2   | XOM: summons 4 friendly demons
 11158 | Lair:2   | Found a runed translucent door.
 11159 | Lair:2   | Noticed Buxparty's ghost (journeyman GnHu)
 11160 | Lair:2   | Identified the +1 trident of Annoyance {flame, *Contam
                  | Int+6 Stlth+}
 11160 | Lair:2   | Noticed a spriggan rider
 11162 | Lair:2   | Noticed a spriggan rider
 11577 | Lair:3   | Noticed a seven-headed hydra
 11679 | Lair:3   | Found a hole to the Spider Nest.
 11680 | Lair:3   | XOM: scenery: 1 doors open
 11688 | Lair:3   | XOM: polymorph wolf spider -> snapping turtle
 11693 | Lair:3   | XOM: scenery: 1 doors close
 11711 | Lair:3   | Reached skill level 10 in Fighting
 11711 | Lair:3   | Reached skill level 10 in Polearms
 11804 | Lair:3   | XOM: give mutation
 11804 | Lair:3   | Gained mutation: Scrolls take you longer to read. [Xom's
                  | mischief]
 11843 | Lair:3   | XOM: silly message
 12024 | Lair:3   | XOM: confuse monster(s)
 12033 | Lair:3   | XOM: silly message
 12061 | Lair:3   | XOM: potion effect (invisibility)
 12142 | Lair:3   | Killed a seven-headed hydra
 12142 | Lair:3   | Reached XP level 13. HP: 97/106 MP: 24/24
 12325 | Lair:3   | XOM: divination: detect items
 12402 | Lair:4   | XOM: potion effect (might)
 12558 | Lair:4   | XOM: harmless Fire miscast
 12855 | Lair:4   | XOM: medium Tloc miscast
 12860 | Lair:4   | XOM: chaos cloud
 12862 | Lair:4   | XOM: summons friendly iron imp
 12868 | Lair:4   | XOM: medium Hex miscast
 12880 | Lair:4   | XOM: summons 2 friendly demons
 12888 | Lair:3   | XOM: harmless Conj miscast
 12894 | Lair:3   | XOM: harmless Chrm miscast
 12940 | Lair:3   | XOM: polymorph elephant -> snapping turtle
 12943 | Lair:3   | XOM: enchant monster (bad)
 13212 | Lair:2   | XOM: give mutations
 13212 | Lair:2   | Lost mutation: Armour fits poorly on your strangely shaped
                  | body. [Xom's mischief]
 13212 | Lair:2   | Gained mutation: You occasionally shout uncontrollably at
                  | your foes. [Xom's mischief]
 13212 | Lair:2   | Gained mutation: You are dopey. (Int -2) [Xom's mischief]
 13212 | Lair:2   | Gained mutation: Scrolls take you much longer to read.
                  | [Xom's mischief]
 13252 | Lair:3   | XOM: blink monster(s)
 13259 | Lair:3   | XOM: harmless Chrm miscast
 13262 | Lair:3   | XOM: confusion
 13396 | Lair:4   | Found a staircase to the Shoals.
 13548 | Lair:4   | Got a warped long sword
 13593 | Lair:4   | XOM: fake destruction
 13822 | Lair:4   | XOM: harmless Erth miscast
 14015 | Lair:4   | XOM: enchant monster (good)
 14082 | Lair:4   | XOM: mild Air miscast
 14658 | Lair:5   | XOM: medium Summ miscast
 14900 | Lair:6   | Entered Level 6 of the Lair of Beasts
 14948 | Lair:6   | XOM: medium Ice miscast
 14958 | Lair:6   | XOM: harmless Summ miscast
 15210 | Lair:6   | XOM: confusion (+ monsters)
 15327 | Lair:6   | XOM: harmless Pois miscast
 15462 | Lair:6   | Identified the +1 long sword "Concordance" {slice, *Drain
                  | rN++} (You found it on level 4 of the Lair of Beasts)
 15703 | Lair:6   | XOM: confuse monster(s)
 15704 | Lair:6   | XOM: enchant monster (good)
 15715 | Lair:6   | XOM: divination: magic mapping
 15843 | Lair:6   | XOM: harmless Erth miscast
 16085 | Lair:6   | XOM: confusion
 16105 | Lair:6   | XOM: enchant monster (good)
 16185 | Lair:6   | XOM: harmless Summ miscast
 16338 | Lair:6   | XOM: scenery: create altars
 16396 | Lair:6   | XOM: noise
 16401 | Lair:6   | XOM: medium Ice miscast
 16528 | Lair:5   | XOM: god gift: 4 rations
 16730 | Lair:5   | XOM: god gift: robe {god gift}
 16778 | Lair:6   | XOM: god gift: pair of pitted gloves {god gift}
 16784 | Lair:6   | Got a pair of pitted gloves {god gift}
 16795 | Lair:6   | Identified the +1 pair of gloves "Tufocyx" {rC++ Str+3
                  | Dex-4} (Xom gifted it to you on level 6 of the Lair of
                  | Beasts)
 16817 | Lair:6   | XOM: polymorph spiny frog -> polar bear
 17260 | Lair:5   | XOM: severe Ice miscast
 17364 | Lair:6   | XOM: god gift: 29 arrows
 17483 | Lair:5   | XOM: harmless Erth miscast
 17871 | Lair:6   | Reached XP level 14. HP: 114/114 MP: 26/26
 18117 | Lair:6   | XOM: mild Summ miscast
 18234 | Lair:5   | XOM: summons 7 hostile demons
 18252 | Lair:6   | Paralysed by a hornet for 2 turns
 18255 | Lair:6   | XOM: summons 5 friendly demons
 18322 | Lair:6   | XOM: medium Chrm miscast
 18748 | Lair:5   | XOM: give mutation
 18748 | Lair:5   | Gained mutation: Your muscles are strong. (Str +2) [Xom's
                  | grace]
 18971 | Lair:5   | XOM: cloud trail
 19436 | Lair:6   | XOM: destruction
 19469 | Lair:6   | XOM: give mutations
 19469 | Lair:6   | Gained mutation: Your spells are a little harder to cast,
                  | but a little more powerful. [Xom's grace]
 19469 | Lair:6   | Gained mutation: You are mostly covered in rugged brown
                  | scales. (AC +2, +5% HP) [Xom's grace]
 19469 | Lair:6   | Gained mutation: You have a pair of small horns on your
                  | head. [Xom's grace]
 19469 | Lair:6   | Gained mutation: You have hoof-like feet. [Xom's grace]
 20004 | Lair:6   | Found a runed translucent door.
 20005 | Lair:6   | Found a viscous altar of Jiyva.
 20005 | Lair:6   | Noticed an acid blob
 20006 | Lair:6   | Noticed an acid blob
 20007 | Lair:6   | Found a staircase to the Slime Pits.
 20112 | Lair:6   | XOM: scenery: create altars
 20225 | Lair:1   | XOM: silly message
 20277 | D:10     | Entered Level 10 of the Dungeon
 20281 | D:10     | XOM is BORED!
 20281 | D:10     | XOM: harmless Summ miscast
 20339 | D:10     | Found a transporter.
 20346 | D:10     | Found a transporter.
 20346 | D:10     | Noticed thehayman22's ghost (journeyman MiBe)
 20360 | D:10     | XOM: harmless Ice miscast
 20436 | D:10     | Reached skill level 10 in Armour
 20444 | D:10     | Noticed Josephine
 20466 | D:10     | Killed Josephine
 20533 | D:10     | Found Ixkaa's Book Shoppe.
 21313 | D:11     | XOM: silly message
 21376 | D:11     | XOM: harmless Erth miscast
 21785 | D:12     | XOM: confuse monster(s)
 22071 | D:12     | XOM: god gift: runed fluorescent amulet {god gift}
 22075 | D:12     | XOM: harmless Tloc miscast
 22183 | D:12     | XOM is BORED!
 22183 | D:12     | XOM: give mutations
 22183 | D:12     | Lost mutation: You have a pair of small horns on your head.
                  | [Xom's mischief]
 22183 | D:12     | Lost mutation: Scrolls take you much longer to read. [Xom's
                  | mischief]
 22183 | D:12     | Lost mutation: You have hoof-like feet. [Xom's mischief]
 22183 | D:12     | Lost mutation: Your muscles are strong. (Str +2) [Xom's
                  | mischief]
 22213 | D:12     | XOM: harmless Fire miscast
 22298 | D:13     | Noticed Jorgrun
 22310 | D:13     | Noticed Jorgrun
 22310 | D:13     | Jorgrun changed into Jorgrun the stone giant
 22310 | D:13     | XOM: polymorph Jorgrun -> Jorgrun the stone giant
 22331 | D:13     | XOM: summons 3 friendly demons
 22332 | D:13     | Noticed Jorgrun
 22332 | D:13     | Jorgrun the stone giant changed into Jorgrun the fire giant
 22332 | D:13     | XOM: polymorph Jorgrun the stone giant -> Jorgrun the fire
                  | giant
 22369 | D:12     | XOM: god gift: 16 stones
 22520 | D:13     | XOM: repel stairs
 22618 | D:13     | XOM: confuse monster(s)
 22793 | D:13     | Learned a level 1 spell: Apportation
 22806 | D:13     | XOM: cloud trail
 22868 | D:13     | Reached skill level 10 in Invocations
 22876 | D:13     | XOM: smoke on damage
 22956 | D:13     | Killed Jorgrun the fire giant
 23182 | D:13     | XOM: polymorph six-headed hydra -> something unseen
 23192 | D:13     | Killed a ghost moth
 23291 | D:13     | XOM: give mutation
 23291 | D:13     | Gained mutation: Your muscles are strong. (Str +2) [Xom's
                  | grace]
 23416 | D:13     | XOM: scenery: create altars
 23420 | D:13     | XOM: cloud trail
 23547 | D:13     | XOM: harmless Necr miscast
 23550 | D:13     | XOM: summons 11 friendly demons
 23702 | D:14     | Found Riom's Book Boutique.
 23956 | Orc:2    | Found Fail's Assorted Antiques.
 23969 | Orc:2    | Bought a potion of heal wounds for 175 gold pieces
 24062 | Orc:2    | XOM: god gift: 2 scrolls of enchant armour
 24197 | Orc:2    | XOM: mild Fire miscast
 24534 | Orc:1    | XOM: stat loss: -1 Dex (10/11)
 24541 | Orc:1    | XOM: god gift: 39 gold pieces
 24812 | Orc:2    | XOM: confuse monster(s)
 24824 | Orc:2    | XOM: fake destruction
 24825 | Orc:2    | XOM: potion effect (invisibility)
 25084 | Orc:2    | Found a staircase to the Elven Halls.
 25092 | Orc:2    | Found Hicinpiacu's Humungous Hoard.
 25100 | Orc:2    | Bought a potion of heal wounds for 55 gold pieces
 25213 | Orc:2    | XOM: summons friendly iron imp
 25282 | Orc:2    | XOM: confuse monster(s)
 25413 | Orc:2    | Reached XP level 15. HP: 124/124 MP: 28/28
 25458 | Orc:2    | XOM: cast spell 'Call Canine Familiar'
 25585 | Orc:2    | XOM: divination: magic mapping
 25607 | Orc:2    | XOM: smoke on damage
 25610 | Orc:2    | Reached skill level 10 in Dodging
 25702 | Orc:2    | Found Kuitur's Food Shop.
 25702 | Orc:2    | Found Neq Ofedgh's Assorted Antiques.
 25704 | Orc:2    | Found Taofes's Assorted Antiques.
 25704 | Orc:2    | Found Imihul's Food Emporium.
 25716 | Orc:2    | Bought a papyrus book for 465 gold pieces
 25722 | Orc:2    | Learned a level 5 spell: Summon Mana Viper
 25756 | Elf:1    | Entered Level 1 of the Elven Halls
 25763 | Elf:1    | XOM: enchant monster (bad)
 25774 | Elf:1    | Found a radiant altar of Vehumet.
 25787 | Elf:1    | XOM: enchant monster (good)
 25788 | Elf:1    | XOM: harmless Erth miscast
 25792 | Elf:1    | XOM: potion effect (heal wounds)
 25795 | Elf:1    | XOM: enchant monster (good)
 25832 | Elf:1    | XOM: cast spell 'Summon Dragon'
 25872 | Orc:2    | XOM: god gift: 14 gold pieces
 26125 | Elf:1    | XOM: potion effect (brilliance)
 26126 | Elf:1    | XOM: noise
 26213 | Elf:1    | XOM is BORED!
 26213 | Elf:1    | XOM: medium Conj miscast
 26257 | Elf:1    | XOM: summons friendly iron imp
 26276 | Elf:1    | XOM: destruction
 26429 | Elf:1    | Learned a level 4 spell: Animate Dead
 26433 | Elf:1    | Learned a level 3 spell: Regeneration
 26474 | Elf:1    | XOM: god gift: ruby potion {god gift}
 26822 | Elf:1    | XOM: scenery: 1 doors close
 26832 | Elf:1    | Reached skill level 10 in Short Blades
 26832 | Elf:1    | Reached skill level 10 in Long Blades
 26832 | Elf:1    | Reached skill level 10 in Axes
 26832 | Elf:1    | Reached skill level 10 in Maces & Flails
 26832 | Elf:1    | Reached skill level 10 in Staves
 26832 | Elf:1    | Reached skill level 10 in Slings
 26832 | Elf:1    | Reached skill level 10 in Bows
 26832 | Elf:1    | Reached skill level 10 in Crossbows
 26832 | Elf:1    | Reached skill level 10 in Throwing
 26832 | Elf:1    | Reached skill level 10 in Stealth
 26832 | Elf:1    | Reached skill level 10 in Shields
 26832 | Elf:1    | Reached skill level 10 in Unarmed Combat
 26832 | Elf:1    | Reached skill level 10 in Spellcasting
 26832 | Elf:1    | Reached skill level 10 in Evocations
 26837 | Elf:1    | XOM: summons friendly shadow imp
 27125 | Elf:1    | XOM: scenery: create altars
 27313 | Elf:1    | Identified the Volume of Battle Magic
 27594 | Elf:2    | Noticed Donald
 27598 | Elf:2    | Found an ancient bone altar of Kikubaaqudgha.
 27601 | Elf:2    | XOM: butterfly on damage
 27606 | Elf:2    | XOM: chaos upgrade
 27622 | Elf:1    | XOM: swap monsters
 27624 | Elf:1    | HP: 6/126 [deep elf mage/lance of force (11)]
 27692 | Elf:1    | Noticed Donald
 27692 | Elf:1    | Donald changed into Donald the azure jelly
 27692 | Elf:1    | XOM: polymorph Donald -> Donald the azure jelly
 27701 | Elf:1    | Killed Donald the azure jelly
 27999 | D:14     | Bought the Tome of Cloudy Toxins for 827 gold pieces
 27999 | D:14     | XOM: god gift: dire flail {god gift}
 28007 | D:14     | Learned a level 4 spell: Summon Lightning Spire
 28012 | D:14     | Learned a level 4 spell: Airstrike
 28035 | D:14     | Noticed Urug
 28037 | D:14     | XOM: divine lightning
 28038 | D:14     | XOM: cleaving
 28045 | D:14     | XOM: summons 2 friendly demons
 28059 | D:14     | Killed Urug
 28099 | D:14     | Found a gate to the Vaults.
 28220 | D:14     | XOM: cleaving
 28355 | D:14     | Got a slimy shortbow
 28358 | D:14     | Identified the +2 shortbow "Reresiff" {flame, MR+} (You
                  | found it on level 14 of the Dungeon)
 28459 | D:14     | Reached XP level 16. HP: 114/133 MP: 30/30
 28468 | D:14     | XOM: divination: magic mapping
 28508 | D:14     | XOM: scenery: create altars
 28514 | D:14     | XOM: summons 9 friendly demons
 28694 | D:14     | XOM: medium Ice miscast
 28853 | D:15     | Entered Level 15 of the Dungeon
 28867 | D:14     | XOM: confusion (+ monsters)
 28922 | D:14     | XOM: give mutation
 28922 | D:14     | Lost mutation: You are somewhat resistant to further
                  | mutation. [Xom's mischief]
 28927 | D:14     | XOM: summons 1 hostile shadow creature
 28930 | D:14     | XOM: harmless Air miscast
 28935 | D:14     | XOM: summons friendly crimson imp
 28937 | D:14     | XOM: polymorph crimson imp -> iron imp
 29305 | D:15     | XOM: chaos upgrade
 29345 | D:15     | XOM: mild Air miscast
 29349 | D:15     | XOM: chaos upgrade
 29371 | D:15     | Found a staircase to the Depths.
 29549 | D:15     | XOM: stat loss: -1 Dex (11/12)
 29554 | D:15     | XOM: swap monsters
 29756 | D:15     | XOM: draining
 30021 | D:15     | XOM: give mutations
 30021 | D:15     | Lost mutation: Your spells are a little harder to cast, but
                  | a little more powerful. [Xom's mischief]
 30021 | D:15     | Gained mutation: You have hoof-like feet. [Xom's mischief]
 30021 | D:15     | Lost mutation: Scrolls take you longer to read. [Xom's
                  | mischief]
 30021 | D:15     | Gained mutation: You are robust. (+10% HP) [Xom's mischief]
 30115 | D:15     | XOM is BORED!
 30115 | D:15     | XOM: medium Necr miscast
 30338 | Elf:2    | Found Taseys Kecits's Armour Shop.
 30338 | Elf:2    | Found Usedy's Gadget Shop.
 30377 | Elf:2    | XOM: chaos cloud
 30391 | Elf:2    | XOM: swap monsters
 30677 | Elf:1    | XOM: give mutation
 30677 | Elf:1    | Gained mutation: You are partially covered in yellow
                  | scales. (AC +2) [Xom's grace]
 31109 | Elf:2    | XOM: god gift: 46 gold pieces
 31151 | Elf:2    | Found Ihaet's Assorted Antiques.
 31171 | Elf:2    | XOM: harmless Summ miscast
 31316 | Elf:2    | Found a runed translucent door.
 31378 | Elf:2    | XOM: summons friendly shadow imp
 31448 | Elf:2    | Found a runed translucent door.
 31576 | Elf:3    | Entered Level 3 of the Elven Halls
 31728 | Elf:3    | XOM: give mutations
 31728 | Elf:3    | Gained mutation: You have extremely sharp teeth. [Xom's
                  | grace]
 31728 | Elf:3    | Gained mutation: You evolve. [Xom's grace]
 31728 | Elf:3    | Gained mutation: Your spells are a little harder to cast,
                  | but a little more powerful. [Xom's grace]
 31745 | Elf:3    | XOM: confuse monster(s)
 31981 | Elf:3    | XOM: give mutation
 31981 | Elf:3    | Lost mutation: Your muscles are strong. (Str +2) [Xom's
                  | mischief]
 32001 | Elf:3    | XOM: give mutations
 32001 | Elf:3    | Gained mutation: Your muscles are strong. (Str +2) [Xom's
                  | grace]
 32001 | Elf:3    | Gained mutation: You possess an exceptional clarity of
                  | mind. [Xom's grace]
 32001 | Elf:3    | Gained mutation: You are covered in fur. (AC +1) [Xom's
                  | grace]
 32073 | Elf:3    | Got an iridescent hunting sling
 32076 | Elf:3    | Identified the +4 hunting sling of Qounal {venom, rPois rC-
                  | Dex+6} (You found it on level 3 of the Elven Halls)
 32200 | Elf:3    | Reached XP level 17. HP: 155/155 MP: 19/32
 32252 | Elf:3    | XOM: fog
 32878 | Elf:3    | Noticed a deep elf blademaster
 32878 | Elf:3    | Noticed a deep elf blademaster
 32890 | Elf:3    | XOM: enchant monster (good)
 32894 | Elf:3    | XOM: cast spell 'Summon Butterflies'
 32902 | Elf:3    | XOM: polymorph deep elf blademaster -> deep elf blademaster
 33288 | D:14     | Bought a book of Dreams for 1050 gold pieces
 33294 | D:14     | Learned a level 5 spell: Borgnjor's Vile Clutch
 33301 | D:14     | Learned a level 6 spell: Invisibility
 33905 | Elf:3    | XOM: scenery: 1 doors close
 33987 | Elf:3    | XOM: mild Necr miscast
 33990 | Elf:3    | XOM: blink monster(s)
 34087 | Elf:3    | Noticed a deep elf blademaster
 34092 | Elf:3    | XOM: scenery: 4 doors close
 34096 | Elf:3    | Killed a deep elf blademaster
 34120 | Elf:3    | XOM: summons 2 friendly demons
 34127 | Elf:3    | XOM: mild Conj miscast
 34129 | Elf:3    | Killed a deep elf blademaster
 34256 | Elf:3    | XOM: mild Fire miscast
 34309 | Elf:3    | Noticed a deep elf blademaster
 34323 | Elf:3    | Killed a deep elf blademaster
 34485 | Elf:3    | Noticed a deep elf master archer
 34490 | Elf:3    | Killed a deep elf blademaster
 34492 | Elf:3    | Killed a deep elf master archer
 34705 | Elf:3    | Identified the +7 scimitar of Intimidation {speed, MR+
                  | Dex+2}
 34762 | Elf:3    | XOM: mild Fire miscast
 34901 | Elf:3    | XOM: enchant monster (bad)
 35004 | Elf:3    | XOM: harmless Fire miscast
 35051 | Elf:3    | XOM: harmless Necr miscast
 35145 | Elf:3    | Noticed a deep elf blademaster
 35149 | Elf:3    | XOM: potion effect (invisibility)
 35150 | Elf:3    | XOM: noise
 35155 | Elf:3    | Killed a deep elf blademaster
 35627 | D:9      | XOM: god gift: 58 gold pieces
 35639 | D:8      | XOM: harmless Erth miscast
 35823 | Lair:2   | Killed Buxparty's ghost
 35889 | Lair:3   | XOM: cloud trail
 35962 | Spider:1 | Entered Level 1 of the Spider Nest
 36060 | Spider:1 | Found a frozen archway.
 36079 | IceCv    | Entered an ice cave
 36130 | IceCv    | XOM: divination: detect creatures
 36279 | IceCv    | XOM: mild Erth miscast
 36524 | IceCv    | XOM: noise
 36528 | IceCv    | XOM: divination: detect creatures
 36737 | Spider:1 | XOM: smoke on damage
 36744 | Spider:1 | XOM: divination: detect items
 37022 | Spider:1 | XOM: scenery: create altars
 37027 | Spider:1 | XOM: cast spell 'Cause Fear'
 37039 | Spider:1 | Reached skill level 10 in Conjurations
 37039 | Spider:1 | Reached skill level 10 in Hexes
 37039 | Spider:1 | Reached skill level 10 in Charms
 37039 | Spider:1 | Reached skill level 10 in Summonings
 37039 | Spider:1 | Reached skill level 10 in Necromancy
 37039 | Spider:1 | Reached skill level 10 in Translocations
 37039 | Spider:1 | Reached skill level 10 in Transmutations
 37039 | Spider:1 | Reached skill level 10 in Fire Magic
 37039 | Spider:1 | Reached skill level 10 in Ice Magic
 37039 | Spider:1 | Reached skill level 10 in Air Magic
 37039 | Spider:1 | Reached skill level 10 in Earth Magic
 37039 | Spider:1 | Reached skill level 10 in Poison Magic
 37247 | Spider:1 | XOM: divination: detect creatures
 37278 | Spider:1 | XOM: fog
 37297 | Spider:1 | XOM: harmless Air miscast
 37368 | Lair:3   | XOM: divination: detect creatures
 37373 | Lair:3   | XOM: god gift: pair of boots {god gift}
 37518 | Spider:1 | Reached XP level 18. HP: 159/164 MP: 18/33
 37752 | Spider:1 | Found a runed translucent door.
 37753 | Spider:1 | Found a shimmering altar of Xom.
 37753 | Spider:1 | Noticed Buxparty's ghost (adept GrFi)
 37961 | Spider:1 | XOM: noise
 38028 | Spider:1 | XOM: confuse monster(s)
 38076 | Spider:1 | XOM: cast spell 'Olgreb's Toxic Radiance'
 38200 | Spider:1 | XOM: divine lightning
 38223 | Lair:3   | XOM: summons 12 friendly demons
 38342 | Spider:1 | XOM: cloud trail
 38668 | Spider:1 | XOM: scenery: create altars
 38692 | Spider:2 | XOM: give mutations
 38692 | Spider:2 | Gained mutation: You have a pair of small horns on your
                  | head. [Xom's grace]
 38692 | Spider:2 | Gained mutation: You have a pair of horns on your head.
                  | [Xom's grace]
 38756 | Spider:1 | XOM: fog
 38760 | Spider:1 | HP: 8/164 [wolf spider (8)]
 38769 | Spider:1 | HP: 1/246 [wolf spider (13)]
 38802 | Spider:1 | XOM: give mutation
 38802 | Spider:1 | Lost mutation: You evolve. [Xom's mischief]
 39162 | Spider:2 | XOM: swap monsters
 39169 | Spider:2 | XOM: scenery: create altars
 39172 | Spider:2 | XOM: cleaving
 39478 | Spider:1 | XOM: enchant monster (good)
 39736 | Spider:1 | XOM: summons 13 friendly demons
 39739 | Spider:1 | HP: 8/164 [something (4)]
 39740 | Spider:1 | Slain by a ghost moth

Levels and vault maps discovered:
D:1:      minmay_arrival_hallway, layout_rooms
D:2:      layout_loops_ring
D:3:      layout_rooms
D:4:      minmay_spotlight, layout_basic, grunt_dithmenos_smoke,
          minmay_temple_entry_mini_moons, ebering_dispersal_statue_hall,
          uniq_blork_the_orc
D:5:      layout_rooms, first_ration
D:6:      layout_gridville, kb_lookout_dungeons_type
D:7:      cheibrodos_grave_circle, layout_cave_pools,
          nicolae_ossuary_entry_catacombs, serial_gnoll_camp,
          gnoll_camp_mini_loothouse, gnoll_camp_mini_basic, gnoll_camp_mini_hut,
          gnoll_camp_mini_hut, gnoll_camp_mini_basic, gnoll_camp_medium_02,
          uniq_harold
D:8:      minmay_the_grid_four_pointed_star
          [minmay_the_grid_triangle_9x9_sparse_checkered,
          minmay_the_grid_triangle_9x9_checkered,
          minmay_the_grid_triangle_9x9_semitri,
          minmay_the_grid_triangle_9x9_stretched_checkered,
          minmay_the_grid_prize_shrinking_boxes], layout_basic,
          dpeg_oklobed_lair, hangedman_little_slice_of_home, uniq_grum
D:9:      layout_long_grid, david_orc_2, serial_shops, nicolae_shop_waterfront
D:10:     layout_rooms, gammafunk_ghost_hive, serial_shops,
          kennysheep_little_box, uniq_josephine
D:11:     layout_basic, roderic_roman_lattice
D:12:     layout_long_grid
D:13:     hangedman_cross_stitches, layout_basic, kennysheep_small_spiral,
          minmay_misc_feat_iff, uniq_jorgrun
D:14:     layout_long_grid, david_vaults_3, dk_noncrumbling_4, serial_shops,
          shop, hangedman_abyss_or_decor_passed
D:15:     grunt_enter_depths_magical_seal, layout_cave_pods,
          hangedman_abyss_or_decor_lesser_grid
Lair:1:   gammafunk_cloud_chamber, layout_loops_ring, serial_bayou_shore_a
Lair:2:   layout_cave_shapes, ebering_ghost_funeral_grove
Lair:3:   layout_chaotic_city, spider_nest_entry_funnel_web
Lair:4:   layout_roguey, shoals_dummy_entry, minmay_stone_trees_small,
          minivault_19
Lair:5:   layout_regular_city, lemuel_fruit_fields
Lair:6:   minmay_lair_end_enchanted_forest, layout_small_grid, slime_altar_2,
          grunt_megastairs_4
Spider:1: layout_spider_delve, ebering_ghost_xom,
          portal_ice_cave_entry_pillars_1, guppyfry_hornet_nest
Spider:2: layout_spider_delve
Spider:3: layout_spider_delve, drop_trap
Orc:1:    layout_caves
Orc:2:    grunt_orc_tribal_feast, layout_caves, serial_shops,
          nicolae_shop_overgrown_old_shop, nicolae_alphabet_shops
Elf:1:    eino_elf_arrival_altar, layout_loops_cross, minmay_elf_annihilation,
          st_stairs_13, nicolae_elf_glass_and_crystal_pillar_1
Elf:2:    layout_loops_cross, serial_shops, shop_fountains, nicolae_shop_trees,
          nicolae_shop_competitors_out_of_business, shop, basic_altar,
          drop_trap, uniq_louise, uniq_donald
Elf:3:    minmay_elf_hall, layout_geoelf_castle, moated_statue,
          guppyfry_elf_castle
